Map: Dusty Gorge

Players

MonstroTown

  • Race: Terran Terran
  • Spawn Location: 11:00

Michael

  • Race: Zerg Zerg
  • Spawn Location: 9:00

iPlayDemos

  • Race: Protoss Protoss
  • Spawn Location: 3:00

WerdNesor

  • Race: Terran Terran
  • League: Diamond
  • Spawn Location: 5:00

VOD

Have the link to the VOD?

Description

Time

  • Played on: Aug. 31, 2018, 10:28 p.m.
  • Length: 15:19
Show
View Real Time Build Order
Export as new Build Order

MonstroTown Terran 

Build Orders: Reaper Expand, MMM Bio 

Get SALT Encoding   

  12  0:01  SCV  
  13  0:13  SCV  
  14  0:18  Supply Depot  
  14  0:25  SCV  
  15  0:40  SCV  
  15  0:41  Barracks  
  16  0:47  Refinery  
  16  0:52  SCV  
  18  1:04  SCV  
  18  1:16  SCV  
  19  1:29  Orbital Command  
  19  1:30  Reaper  
  20  1:49  Command Center  
  20  1:54  SCV  
  21  2:03  Barracks Reactor  
  21  2:06  Supply Depot  
  21  2:10  SCV  
  22  2:20  Refinery  
  22  2:24  SCV  
  23  2:30  Factory  
  23  2:41  Marine x2  
  24  3:02  Barracks  
  24  3:08  Engineering Bay  
  24  3:10  Orbital Command  
  24  3:16  Factory Tech Lab  
  24  3:17  Starport  
  24  3:21  Marine  
  24  3:39  SCV  
  25  3:41  SCV  
  26  3:49  Marine x2  
  26  3:51  SCV  
  26  3:53  SCV  
  26  3:54  Barracks Tech Lab  
  30  3:59  Siege Tank  
  33  4:03  SCV  
  34  4:21  Viking  
  34  4:22  Missile Turret  
  35  4:24  Missile Turret  
  35  4:25  SCV x2  
  35  4:28  Marine x2  
  39  4:32  Stimpack  
  39  4:37  SCV x2  
  39  4:38  Terran Infantry Weapons Level 1, Marine  
  42  4:47  Supply Depot  
  42  4:49  SCV x2  
  44  5:04  Barracks  
  44  5:05  Medivac  
  46  5:10  Widow Mine, Marine x2  
  50  5:14  SCV  
  50  5:17  SCV, Barracks  
  43  5:43  Marine x2  
  43  5:44  Marauder  
  43  5:45  Medivac  
  46  5:51  Barracks  
  46  5:52  Barracks  
  46  5:55  Armory  
  44  5:57  Engineering Bay  
  44  6:01  Widow Mine  
  44  6:02  SCV x2  
  48  6:04  Refinery  
  48  6:11  Barracks Reactor  
  48  6:14  SCV  
  49  6:45  Barracks Tech Lab, Marine x2  
  49  6:46  Combat Shields  
  51  6:50  Barracks  
  51  6:51  SCV x2  
  53  7:03  Marine  
  53  7:07  Command Center  
  54  7:10  Supply Depot x2  
  54  7:14  Barracks Reactor  
  54  7:16  Terran Ship Weapons Level 1  
  54  7:24  Marine  
  54  7:25  Marine x2  
  54  7:29  Marauder  
  52  7:34  Marine  
  49  7:37  Thor  
  49  7:42  SCV x2  
  57  7:47  Refinery  
  57  7:51  Viking  
  57  7:52  Marine x5  
  57  7:54  SCV x2  
  66  8:07  Marine x2  
  66  8:10  Terran Infantry Weapons Level 2  
  68  8:20  Orbital Command  
  68  8:21  Missile Turret, Marine x3  
  68  8:22  Marine x2  
  64  9:08  SCV x3  
  64  9:09  Marine x2  
  68  9:10  Marine x5  
  68  9:11  Marine  
  68  9:15  Terran Infantry Armor Level 1, Terran Ship Weapons Level 2  
  75  9:24  Starport  
  75  9:25  Starport  
  75  9:27  SCV x3  
  75  9:30  Marine  
  75  9:31  Marine  
  80  9:38  Supply Depot x2  
  80  9:39  SCV x2, Supply Depot  
  80  9:40  SCV  
  83  9:49  Marine x2  
  85  9:56  SCV, Thor, Marine  
  85  9:59  SCV x2, Medivac, Marine x4  
  101  10:01  Marine  
  102  10:09  Marine  
  102  10:10  Marine  
  98  10:39  SCV x3  
  101  10:45  Marine x2  
  101  10:46  Marine x4  
  101  10:47  Marauder x2  
  111  11:31  Marine x2  
  111  11:32  Marine x4  
  117  11:35  Marine  
  96  12:03  Marine x2  
  96  12:04  Marine x6  
  96  12:18  Barracks  
  96  12:20  Barracks  
  96  12:21  Marine  
  96  12:22  SCV, Supply Depot x2  
  98  12:23  SCV x2, Supply Depot, Barracks  
  98  12:24  Supply Depot x2  
  98  12:28  Marine x4  
  98  12:29  Marine  
  105  12:34  SCV, Marine  
  105  12:35  Terran Infantry Weapons Level 3  
  107  12:46  Supply Depot  
  107  12:48  Supply Depot  
  107  12:49  Barracks  
  107  13:01  Marine x4  
  111  13:06  Starport Reactor  
  111  13:08  Starport Tech Lab  
  111  13:11  Barracks  
  86  13:43  Marine x6  
  86  13:44  Marine x4  
  86  13:45  Marine  
  86  13:48  Medivac x3  
  101  13:50  Raven  
  101  13:52  Thor  
  111  14:00  Marine  
  111  14:01  Marine x2  
  102  14:24  Marine x5  
  90  14:25  Marine  
  92  14:37  Marine x4  
  89  14:47  Marine  
  89  14:48  Marine x5  
  89  14:49  Marine  
  96  14:55  Marine x4  
Show
View Real Time Build Order
Export as new Build Order

Michael Zerg 

Build Orders: Hatch First 

Get SALT Encoding   

  12  0:01  Drone  
  13  0:12  Overlord  
  13  0:18  Drone  
  14  0:31  Drone  
  14  0:32  Drone  
  14  0:35  Drone  
  17  0:45  Drone  
  18  1:00  Drone, Hatchery  
  18  1:06  Extractor  
  18  1:10  Drone  
  18  1:21  Spawning Pool  
  18  1:23  Drone  
  18  1:28  Drone  
  19  1:39  Drone  
  20  1:58  Overlord  
  20  2:14  Queen x2  
  24  2:16  Metabolic Boost  
  24  2:18  Zergling x6  
  24  2:22  Drone  
  28  2:25  Drone  
  29  2:41  Zergling x4  
  30  2:56  Queen  
  30  2:57  Drone  
  30  2:58  Drone x3  
  36  3:08  Roach Warren  
  36  3:09  Drone  
  36  3:13  Overlord  
  36  3:45  Drone x4  
  36  3:46  Drone x4  
  44  3:52  Lair  
  44  3:56  Extractor  
  44  3:57  Drone  
  44  3:58  Overlord  
  44  3:59  Evolution Chamber  
  39  4:29  Spore Crawler  
  37  4:32  Spore Crawler x2  
  37  4:35  Spore Crawler  
  37  4:36  Drone x6  
  40  4:41  Zerg Ground Armor Level 1  
  40  4:44  Drone x4  
  40  4:45  Drone x3  
  47  4:48  Extractor  
  47  4:49  Extractor  
  47  4:52  Spore Crawler  
  44  4:53  Overlord  
  44  4:57  Overlord  
  44  5:10  Glial Reconstitution  
  44  5:16  Hydralisk Den  
  43  5:21  Drone x2  
  43  5:22  Drone  
  46  5:34  Spore Crawler  
  44  5:40  Roach x6  
  56  5:44  Roach  
  56  5:46  Roach  
  60  5:53  Overlord x4  
  60  5:58  Muscular Augments  
  50  6:23  Hydralisk x4  
  58  6:35  Zerg Missile Weapons Level 1  
  58  6:37  Hydralisk x2  
  62  6:40  Zergling x14  
  69  7:03  Hydralisk x4  
  73  7:12  Grooved Spines  
  69  7:18  Hatchery  
  69  7:22  Hydralisk  
  66  7:31  Drone  
  66  7:32  Drone x2  
  64  7:44  Hydralisk x4  
  58  8:01  Hydralisk x3  
  64  8:11  Hydralisk x2  
  68  8:13  Zergling x2  
  68  8:16  Hydralisk  
  71  8:22  Drone x2  
  71  8:24  Drone  
  71  8:26  Drone  
  75  8:48  Hydralisk  
  75  8:49  Hydralisk x3  
  75  8:51  Zergling x2  
  75  8:52  Zergling x2  
  83  9:06  Hydralisk  
  83  9:07  Hydralisk x3  
  76  9:17  Hydralisk x2  
  76  9:20  Hydralisk  
  70  9:25  Hydralisk  
  70  9:32  Queen  
  70  9:34  Drone x2  
  70  9:37  Drone  
  75  9:43  Spore Crawler  
  74  9:46  Spore Crawler  
  74  9:50  Hydralisk  
  74  9:51  Hydralisk  
  77  9:55  Hydralisk  
  79  10:00  Hydralisk  
  81  10:10  Hydralisk x4  
  81  10:13  Overlord x2  
  81  10:14  Overlord x2  
  85  10:35  Hydralisk  
  85  10:36  Hydralisk x4  
  85  10:42  Hydralisk x2  
  99  10:47  Hydralisk  
  99  10:49  Zergling x2  
  102  10:57  Drone x4  
  102  10:58  Drone  
  102  11:00  Drone  
  69  11:33  Hydralisk x8  
  69  11:34  Hydralisk  
  69  11:37  Hydralisk  
  73  11:41  Hydralisk  
  73  11:43  Zergling x2  
  73  11:45  Zergling x2  
  77  11:50  Zergling x6  
  80  12:04  Drone x2  
  80  12:05  Drone  
  80  12:07  Hatchery  
  82  12:16  Hydralisk x3  
  88  12:23  Hydralisk x2  
  88  12:27  Roach  
  94  12:31  Hydralisk  
  96  12:37  Zerg Ground Armor Level 2  
  96  12:45  Drone x3  
  96  12:49  Extractor x2  
  97  12:52  Evolution Chamber  
  97  12:56  Infestation Pit  
  68  13:08  Roach x6  
  68  13:12  Zergling x4  
  72  13:26  Roach x5  
  82  13:29  Zergling x6  
  85  13:34  Queen  
  85  13:37  Drone  
  85  13:38  Drone  
  85  13:40  Drone  
  90  13:41  Drone  
  90  13:44  Zergling x2  
  90  13:45  Zergling x2  
  90  13:47  Zergling x2  
  93  14:01  Roach x5  
  101  14:03  Zergling x4  
  103  14:12  Roach x3  
  103  14:13  Zergling x4  
  109  14:21  Drone  
  109  14:23  Roach x3  
  99  14:35  Roach x5  
  91  14:44  Hydralisk x3  
  83  14:46  Zergling x2  
  78  14:54  Zergling x2  
  78  14:55  Zergling x2  
Show
View Real Time Build Order
Export as new Build Order

iPlayDemos Protoss 

Build Orders: 1 Gate Expand, Phoenix Opening 

Get SALT Encoding   

  12  0:01  Probe  
  13  0:13  Probe  
  14  0:20  Pylon  
  14  0:25  Probe  
  15  0:38  Probe  
  15  0:41  Gateway  
  16  0:46  Assimilator  
  16  0:50  Probe  
  17  1:04  Probe  
  18  1:16  Probe  
  19  1:28  Probe  
  19  1:29  Cybernetics Core  
  20  1:43  Nexus  
  20  1:46  Probe  
  21  1:59  Probe  
  22  2:01  Assimilator  
  22  2:12  Pylon  
  22  2:20  Probe  
  23  2:30  Stalker  
  25  2:49  Probe  
  25  2:51  Probe  
  26  2:59  Probe  
  26  3:00  Stargate  
  26  3:01  Probe  
  26  3:02  Stargate  
  28  3:10  Probe  
  28  3:12  Pylon  
  29  3:13  Adept, Probe  
  32  3:22  Probe  
  32  3:25  Probe  
  34  3:31  Assimilator  
  34  3:34  Probe  
  34  3:37  Probe  
  36  3:42  Warp Gate  
  36  3:44  Phoenix  
  36  3:46  Probe, Phoenix  
  36  3:47  Probe  
  41  3:54  Probe  
  42  3:56  Probe  
  42  4:02  Probe  
  44  4:04  Probe  
  44  4:05  Stalker  
  44  4:24  Probe x2  
  44  4:25  Phoenix x2  
  50  4:38  Probe x2  
  52  4:50  Probe x2  
  54  4:56  Phoenix  
  54  5:04  Pylon  
  54  5:07  Assimilator, Pylon  
  54  5:22  Phoenix x2  
  58  5:47  Phoenix x2  
  62  5:51  Probe x2  
  64  6:12  Phoenix x2  
  68  6:33  Pylon  
  68  6:37  Phoenix  
  70  6:45  Pylon  
  70  6:47  Pylon  
  70  6:50  Forge  
  70  6:51  Adept, Forge, Phoenix  
  70  6:52  Gateway  
  70  6:54  Gateway  
  74  6:56  Gateway  
  74  6:58  Gateway  
  69  7:19  Probe x2  
  71  7:27  Phoenix x2  
  75  7:31  Adept  
  73  7:57  Phoenix x2  
  77  7:58  Adept  
  77  8:01  Protoss Ground Weapons Level 1, Protoss Ground Armor Level 1, Adept x2  
  77  8:02  Adept x2  
  87  8:22  Phoenix x2  
  91  8:28  Nexus  
  91  8:33  Pylon  
  91  8:34  Pylon  
  87  8:54  Phoenix  
  87  8:55  Phoenix  
  84  9:05  Sentry  
  84  9:06  Adept x3  
  75  9:26  Phoenix x2  
  79  9:31  Adept x3  
  79  9:32  Adept  
  87  9:39  Probe x2  
  87  9:41  Protoss Shields Level 1  
  87  9:42  Probe  
  90  9:47  Twilight Council  
  90  9:51  Adept, Probe x2  
  90  9:52  Adept x3  
  100  9:54  Probe, Phoenix  
  100  9:55  Phoenix  
  105  10:03  Probe x2  
  105  10:06  Probe  
  108  10:15  Probe x2  
  106  10:34  Resonating Glaives  
  98  10:36  Protoss Ground Weapons Level 2  
  98  10:38  Adept  
  98  10:39  Adept x3  
  98  10:40  Adept  
  108  11:01  Photon Cannon  
  107  11:05  Assimilator  
  101  11:24  Protoss Ground Armor Level 2  
  69  11:40  Adept  
  69  11:41  Adept x2  
  71  11:49  Pylon  
  71  11:52  Pylon  
  71  11:53  Pylon  
  64  12:05  Probe x2  
  66  12:09  Adept x4  
  74  12:17  Probe x2, Phoenix x2  
  80  12:29  Adept x2, Probe x2  
  86  12:30  Adept x2  
  90  12:41  Probe  
  91  12:50  Adept  
  91  12:51  Adept x2  
  97  12:52  Adept  
  99  13:12  Adept x3  
  105  13:13  Adept  
  69  13:37  Adept x4  
  77  14:01  Adept x4  
  85  14:38  Phoenix x2  
  89  14:47  Adept  
  89  14:48  Adept x3  
Show
View Real Time Build Order
Export as new Build Order

WerdNesor Terran 

Build Orders: Liberator Opening, Reaper Expand, MMM Bio 

Get SALT Encoding   

  12  0:00  SCV  
  13  0:12  SCV  
  14  0:18  Supply Depot  
  14  0:24  SCV  
  15  0:39  SCV  
  15  0:40  Barracks  
  16  0:47  Refinery  
  16  0:54  SCV  
  17  1:06  SCV  
  18  1:19  SCV  
  19  1:32  Orbital Command, Reaper  
  20  1:43  Command Center  
  20  1:57  SCV  
  20  2:01  Supply Depot  
  21  2:03  Marine  
  22  2:09  SCV  
  24  2:22  SCV  
  24  2:26  Factory  
  24  2:33  Refinery  
  24  2:35  SCV  
  25  2:44  Marine  
  25  2:47  SCV  
  27  2:59  SCV  
  27  3:00  Supply Depot  
  27  3:02  Marine  
  29  3:11  Factory Reactor, SCV  
  30  3:16  Starport  
  30  3:19  Marine, Orbital Command  
  30  3:23  SCV  
  32  3:35  SCV  
  32  3:40  Barracks Tech Lab  
  32  3:41  Liberator  
  32  3:46  SCV  
  32  3:47  SCV  
  32  3:48  Hellion x2  
  38  3:58  SCV  
  38  3:59  SCV, Marine  
  38  4:01  Stimpack  
  44  4:10  SCV  
  44  4:11  Hellion x2  
  49  4:31  Marine  
  50  4:32  Hellion  
  50  4:33  Hellion  
  50  4:38  Supply Depot  
  54  4:54  Supply Depot  
  54  4:55  Starport Reactor  
  54  4:59  SCV x2, Marine, Barracks  
  57  5:04  Supply Depot  
  57  5:06  Engineering Bay  
  57  5:07  Factory Tech Lab  
  57  5:08  Command Center  
  57  5:11  SCV  
  58  5:16  SCV  
  59  5:23  SCV  
  58  5:33  SCV  
  56  5:36  SCV  
  57  5:45  SCV  
  57  5:48  SCV  
  59  5:50  Medivac x2  
  59  5:51  Marine  
  59  5:52  Siege Tank  
  59  6:21  SCV  
  59  6:22  SCV  
  59  6:24  Siege Tank  
  62  6:30  Marine  
  62  6:31  Marine x2  
  65  6:32  Medivac  
  65  6:33  Medivac  
  65  6:34  Combat Shields  
  65  6:35  SCV x2  
  71  6:49  Marine  
  71  6:50  Terran Infantry Weapons Level 1, Refinery  
  71  6:51  Engineering Bay, Refinery  
  72  6:57  SCV  
  72  6:58  SCV  
  73  7:07  SCV  
  74  7:09  SCV  
  71  8:00  SCV x2  
  71  8:01  Viking x2  
  71  8:05  Planetary Fortress  
  77  8:12  SCV x2, Refinery  
  79  8:13  Marine  
  79  8:14  Refinery  
  79  8:19  Marine  
  80  8:20  Marine  
  80  8:24  Siege Tank  
  80  8:25  SCV x2  
  87  8:28  Barracks  
  87  8:30  Marine  
  88  8:37  SCV x2, Marine  
  91  8:41  SCV  
  91  8:43  Terran Infantry Armor Level 1  
  92  8:49  Armory, SCV  
  92  8:53  Supply Depot  
  92  8:55  Supply Depot  
  93  9:04  Missile Turret  
  93  9:05  Missile Turret  
  93  9:15  SCV x3, Marine x2  
  93  9:16  Marine  
  102  9:17  Siege Tank  
  102  9:27  SCV x3  
  102  9:31  Supply Depot  
  105  9:32  Marine  
  106  9:40  SCV  
  106  9:41  Sensor Tower  
  106  9:42  Missile Turret x2, Marine x2  
  106  9:45  Barracks Reactor  
  109  9:54  Barracks  
  109  9:55  Supply Depot, Barracks  
  109  9:57  SCV x2, Supply Depot x2  
  109  9:58  SCV  
  112  10:00  Missile Turret, Marine x2  
  112  10:01  Marine  
  112  10:02  Siege Tank  
  118  10:07  Viking x2  
  122  10:22  Reaper, Marine x3  
  126  10:33  Marine  
  127  10:39  Marine  
  128  10:42  Marine  
  128  10:43  Siege Tank, Marine  
  128  10:45  Terran Infantry Armor Level 2, Supply Depot, Terran Infantry Weapons Level 2, Terran Vehicle Weapons Level 1  
  128  10:49  Barracks Reactor  
  133  10:50  Barracks Reactor  
  133  10:51  Marine  
  133  10:54  Marine  
  133  10:56  Command Center  
  135  10:57  Medivac x2, Marine  
  135  11:00  Marine x2  
  142  11:08  Marine  
  127  11:50  SCV  
  127  11:51  Siege Tank  
  127  11:52  Marine x7  
  136  12:09  Marine  
  136  12:15  Marine x4  
  141  12:23  Siege Tank, Marine x2  
  146  12:33  Marine x3  
  149  12:46  Marine x3  
  149  12:47  Marine  
  153  12:52  Terran Vehicle Weapons Level 2  
  153  12:53  Marine x2  
  153  12:55  Supply Depot  
  153  12:56  Supply Depot, Marine x3  
  153  12:57  Siege Tank  
  161  13:04  Marine x2  
  155  13:19  Marine x6  
  161  13:21  Medivac x2  
  165  13:29  Siege Tank  
  168  13:46  Marine x4  
  168  13:47  Marine x5  
  174  14:04  Marine x4  
Tags
 
Add a new tag
Caveats
  • Supply blocks, unpowered buildings, or Contaminate may cause inaccurate times.
  • Supply counts are checked every 10 seconds.